 Dungeon Crawl Stone Soup version 0.23-a0-470-g6f7cfd9 (webtiles) character file.

680580 galech the Executioner (level 27, -3/340 (363) HPs)
             Began as a Demonspawn Fighter on Nov 23, 2018.
             Was the Champion of Okawaru.
             Killed by divine providence
             ... invoked by a mummy priest
              (16 damage)
             ... on level 3 of the Tomb of the Ancients on Nov 26, 2018.
             The game lasted 02:34:26 (64921 turns).

galech the Executioner (Demonspawn Fighter)        Turns: 64921, Time: 02:34:28

HP:   -3/340 (363)  AC: 54    Str: 28    XL:     27
MP:   26/29         EV: 33    Int:  6    God:    Okawaru [******]
Gold: 4402          SH: 39    Dex: 28    Spells: 26/26 levels left

rFire    + + +     SeeInvis +   J - +8 mithril axe "Arga" {speed, MR+}
rCold    + + +     Gourm    .   G - +10 large shield of Ignorance {rN+ Int-4}
rNeg     + + +     Faith    .   O - +12 crystal plate armour "Bimnobre" {Str-3 Dex+5 SInv}
rPois    .         Spirit   .   (helmet unavailable)
rElec    .         Reflect  .   H - +2 cloak "Muddec" {rC+ Str+2 Stlth+}
rCorr    .         Harm     .   u - +3 pair of gauntlets of War {Slay+5}
MR       ++++.                  P - +2 pair of boots of the Assassin {Detection Stab+ Stlth++}
Stlth    ..........             D - amulet of Waiqiv {Acrobat rC- rN+++ Str+2 Dex+6}
HPRegen  0.00/turn              y - ring "Kianiuti" {rC+++ MR+ Slay+3 Stlth+}
MPRegen  0.21/turn              v - ring "Becorol" {+Blink rF+++ rC- rN+ Dex-3}

@: mighty, berserking (expiring), lethally poisoned (-3 -> -148), heroism,
non-regenerating, badly diseased, hasted and slowed
A: antennae 3, talons 1, icy blue scales 3, see invisible, cold resistance 1,
mutation resistance 1, passive freeze, powered by death 3, spiny 3, freezing
cloud immunity
}: 4/15 runes: decaying, serpentine, slimy, silver
a: Heroism, Finesse, Renounce Religion, Evoke Blink


You were on level 3 of the Tomb of the Ancients.
You worshipped Okawaru.
Okawaru was exalted by your worship.
You were not hungry.

You visited 11 branches of the dungeon, and saw 55 of its levels.
You visited the Abyss 2 times.
You visited 1 bazaar.
You also visited: Labyrinth, Ice Cave and Wizlab.

You collected 7838 gold pieces.
You spent 3436 gold pieces at shops.

Inventory:

Hand Weapons
 J - the +8 mithril axe "Arga" (weapon) {speed, MR+}
   (Okawaru gifted it to you on level 14 of the Dungeon)

   Attacks with this weapon are significantly faster.
   It affects your resistance to hostile enchantments.
Armour
 k - the +2 faerie dragon scales {rCorr Str+4}
   (You took it off the Enchantress on level 3 of the Depths)

   It affects your strength (+4).
   It provides partial protection from all sources of acid and corrosion.
 u - the +3 pair of gauntlets of War (worn) {Slay+5}
   (Okawaru gifted it to you on level 3 of the Crypt)

   It affects your accuracy and damage with ranged weapons and melee attacks
   (+5).
 C - the +4 shield of Oxzug {rElec rN+ Int-5 Stlth+}
   (Okawaru gifted it to you on level 5 of the Vaults)

   It affects your intelligence (-5).
   It insulates you from electricity.
   It protects you from negative energy.
   It makes you more stealthy.
 E - the +1 pair of gloves "Nueleyrr" {rElec rN+}
   (You bought it in a shop on level 1 of the Elven Halls)

   It insulates you from electricity.
   It protects you from negative energy.
 G - the +10 large shield of Ignorance (worn) {rN+ Int-4}
   (You bought it in a shop on level 1 of the Elven Halls)

   It affects your intelligence (-4).
   It protects you from negative energy.
 H - the +2 cloak "Muddec" (worn) {rC+ Str+2 Stlth+}
   (Okawaru gifted it to you on level 3 of the Vaults)

   It affects your strength (+2).
   It protects you from cold.
   It makes you more stealthy.
 K - the cursed +0 leather armour of Resilience {MP+9 Slay+3 Stlth+}
   (You took it off a mummy priest in a wizard's laboratory)

   It affects your accuracy and damage with ranged weapons and melee attacks
   (+3).
   It affects your magic capacity (+9).
   It makes you more stealthy.
   It has a curse placed upon it.
 M - the +1 chain mail of Atheism {rF+++ rCorr MP-9 SInv}
   (You took it off a minotaur in a labyrinth)

   It renders you almost immune to fire.
   It affects your magic capacity (-9).
   It lets you see invisible.
   It provides partial protection from all sources of acid and corrosion.
 O - the +12 crystal plate armour "Bimnobre" (worn) {Str-3 Dex+5 SInv}
   (Okawaru gifted it to you on level 15 of the Dungeon)

   It affects your strength (-3).
   It affects your dexterity (+5).
   It lets you see invisible.
 P - the +2 pair of boots of the Assassin (worn) {Detection Stab+ Stlth++}
   (Okawaru gifted it to you on level 1 of the Snake Pit)

   It makes you much more stealthy.
 X - the +3 salamander hide armour {+Rage rF++}
   (You found it on level 5 of the Vaults)

   It greatly protects you from fire.
   It lets you go berserk.
 Z - the +0 pair of fencer's gloves {+Riposte Dex+3}
   (You found it on level 3 of the Elven Halls)

   It affects your dexterity (+3).
Jewellery
 b - the ring "Yrhiec" {+Inv rPois rC+ MP+9 Dex+4}
   (You found it on level 3 of the Elven Halls)

   [ring of magical power]

   It affects your dexterity (+4).
   It protects you from cold.
   It protects you from poison.
   It affects your magic capacity (+9).
   It lets you turn invisible.
 p - the ring "Diagruah" {rCorr *Corrode +Inv Int+6}
   (You took it off an ironbrand convoker on level 5 of the Vaults)

   [ring of resist corrosion]

   It affects your intelligence (+6).
   It lets you turn invisible.
   It may corrode you when you take damage.
 q - an uncursed ring of protection from fire
 v - the ring "Becorol" (right hand) {+Blink rF+++ rC- rN+ Dex-3}
   (You found it on level 3 of the Crypt)

   [ring of positive energy]

   It affects your dexterity (-3).
   It renders you almost immune to fire.
   It makes you vulnerable to cold.
   It protects you from negative energy.
   It lets you blink.
 y - the ring "Kianiuti" (left hand) {rC+++ MR+ Slay+3 Stlth+}
   (You found it on level 5 of the Pits of Slime)

   [ring of protection from magic]

   It affects your accuracy and damage with ranged weapons and melee attacks
   (+3).
   It renders you almost immune to cold.
   It affects your resistance to hostile enchantments.
   It makes you more stealthy.
 D - the amulet of Waiqiv (around neck) {Acrobat rC- rN+++ Str+2 Dex+6}
   (You bought it in a shop on level 2 of the Orcish Mines)

   [amulet of the acrobat]

   It helps you evade while moving and waiting.
   It affects your strength (+2).
   It affects your dexterity (+6).
   It makes you vulnerable to cold.
   It renders you almost immune to negative energy.
 F - the ring "Paavadua" {Fire rElec rN+ SInv}
   (You found it on level 3 of the Elven Halls)

   [ring of fire]

   It enhances your fire magic.
   It protects you from fire.
   It makes you vulnerable to cold.
   It insulates you from electricity.
   It protects you from negative energy.
   It lets you see invisible.
 L - the ring "Naduecha" {rElec rF+ rN+}
   (You found it on level 3 of the Crypt)

   [ring of positive energy]

   It protects you from fire.
   It insulates you from electricity.
   It protects you from negative energy.
 Q - the ring "Tipeic" {rN+ Str+4}
   (You found it on level 3 of the Crypt)

   [ring of positive energy]

   It affects your strength (+4).
   It protects you from negative energy.
 S - a +3 ring of evasion
 U - a +5 ring of evasion
Wands
 T - a wand of digging (4)
 Y - a wand of acid (8)
Scrolls
 a - 4 scrolls of magic mapping
 d - 3 scrolls of acquirement
 i - 21 scrolls of teleportation
 m - 9 scrolls of blinking
 n - 38 scrolls of remove curse
 r - 10 scrolls of fear
 t - 8 scrolls of fog
 I - a scroll of silence
 N - 11 scrolls of identify
 V - 9 scrolls of enchant armour
Potions
 c - 3 potions of berserk rage
 e - 6 potions of resistance
 g - 7 potions of invisibility
 h - 28 potions of curing
 j - 8 potions of agility
 l - 14 potions of mutation
 o - 5 potions of flight
 s - 5 potions of ambrosia
 w - 4 potions of heal wounds
 x - 10 potions of brilliance
 z - a potion of experience
 A - 2 potions of magic
 B - 7 potions of cancellation
 R - 3 potions of might
 W - 6 potions of haste
Comestibles
 f - 76 rations


   Skills:
 + Level 25.0(27) Fighting
 + Level 26.0(27) Axes
 + Level 13.7(18.7) Armour
 + Level 9.5(14.5) Dodging
 + Level 9.2(14.2) Stealth
 + Level 21.8(26.8) Shields
 + Level 0.2(5.2) Unarmed Combat
 + Level 8.6 Invocations


You had 26 spell levels left.
You didn't know any spells.
Your spell library contained the following spells:

 Spells                   Type           Power        Failure   Level  Hunger
 Apportation              Tloc           #.....       100%        1    ##.....
 Confusing Touch          Hex            #.....       100%        1    ##.....
 Corona                   Hex            #......      100%        1    ##.....
 Flame Tongue             Conj/Fire      #....        100%        1    ##.....
 Magic Dart               Conj           #...         100%        1    ##.....
 Sandblast                Erth           #.....       100%        1    ##.....
 Summon Butterflies       Summ           #.......     100%        1    ##.....
 Blink                    Tloc           N/A          100%        2    ###....
 Call Imp                 Summ           #.......     100%        2    ###....
 Corpse Rot               Necr           N/A          100%        2    ###....
 Ensorcelled Hibernation  Hex/Ice        #.....       100%        2    ###....
 Searing Ray              Conj           #.....       100%        2    ###....
 Slow                     Hex            #.......     100%        2    ###....
 Sublimation of Blood     Necr           #.........   100%        2    ###....
 Throw Flame              Conj/Fire      #.....       100%        2    ###....
 Confuse                  Hex            #.......     100%        3    ####...
 Conjure Flame            Conj/Fire      #.......     100%        3    ####...
 Dazzling Spray           Conj/Hex       #.....       100%        3    ####...
 Gell's Gravitas          Tloc           #.........   100%        3    ####...
 Ignite Poison            Fire/Tmut/Pois #.......     100%        3    ####...
 Inner Flame              Hex/Fire       #.......     100%        3    ####...
 Lesser Beckoning         Tloc           #.........   100%        3    ####...
 Mephitic Cloud           Conj/Pois/Air  #.......     100%        3    ####...
 Ozocubu's Armour         Chrm/Ice       #.......     100%        3    ####...
 Portal Projectile        Hex/Tloc       #.....       100%        3    ####...
 Recall                   Summ/Tloc      N/A          100%        3    ####...
 Regeneration             Chrm/Necr      #.........   100%        3    ####...
 Spider Form              Tmut/Pois      #.........   100%        3    ####...
 Tukima's Dance           Hex            #.......     100%        3    ####...
 Animate Dead             Necr           N/A          100%        4    #####..
 Cause Fear               Hex            #.........   100%        4    #####..
 Force Lance              Conj/Tloc      #.......     100%        4    #####..
 Fulminant Prism          Conj/Hex       #.........   100%        4    #####..
 Ice Form                 Ice/Tmut       #.......     100%        4    #####..
 Iskenderun's Mystic Bla  Conj           #.......     100%        4    #####..
 Leda's Liquefaction      Hex/Erth       #.........   100%        4    #####..
 Olgreb's Toxic Radiance  Pois           #.......     100%        4    #####..
 Petrify                  Tmut/Erth      #.......     100%        4    #####..
 Sticky Flame             Conj/Fire      #.......     100%        4    #####..
 Agony                    Necr           #.......     100%        5    ######.
 Alistair's Intoxication  Tmut/Pois      #.......     100%        5    ######.
 Bolt of Draining         Conj/Necr      #.........   100%        5    ######.
 Bolt of Magma            Conj/Fire/Erth #.........   100%        5    ######.
 Borgnjor's Vile Clutch   Necr/Erth      #.........   100%        5    ######.
 Dispel Undead            Necr           #.......     100%        5    ######.
 Excruciating Wounds      Chrm/Necr      #.........   100%        5    ######.
 Fireball                 Conj/Fire      #.........   100%        5    ######.
 Irradiate                Conj/Tmut      #.........   100%        5    ######.
 Iskenderun's Battlesphe  Conj/Chrm      #.......     100%        5    ######.
 Metabolic Englaciation   Hex/Ice        #.........   100%        5    ######.
 Silence                  Hex/Air        #.........   100%        5    ######.
 Venom Bolt               Conj/Pois      #.........   100%        5    ######.
 Yara's Violent Unravell  Hex/Tmut       #.........   100%        5    ######.
 Bolt of Cold             Conj/Ice       #.........   100%        6    #######
 Bolt of Fire             Conj/Fire      #.........   100%        6    #######
 Darkness                 Hex            #.........   100%        6    #######
 Death Channel            Necr           #.........   100%        6    #######
 Deflect Missiles         Chrm/Air       #.........   100%        6    #######
 Freezing Cloud           Conj/Ice/Air   #.........   100%        6    #######
 Hydra Form               Tmut           #.........   100%        6    #######
 Invisibility             Hex            #.......     100%        6    #######
 Iron Shot                Conj/Erth      #.........   100%        6    #######
 Ozocubu's Refrigeration  Ice            #.........   100%        6    #######
 Poison Arrow             Conj/Pois      #.........   100%        6    #######
 Shadow Creatures         Summ           N/A          100%        6    #######
 Simulacrum               Ice/Necr       #.........   100%        6    #######
 Statue Form              Tmut/Erth      #........    100%        6    #######
 Dragon Form              Tmut           #.........   100%        7    #######
 Orb of Destruction       Conj           #.........   100%        7    #######
 Ring of Flames           Chrm/Fire      #.........   100%        7    #######
 Spellforged Servitor     Conj/Summ      #.........   100%        7    #######
 Chain Lightning          Conj/Air       #.........   100%        8    #######
 Discord                  Hex            #.........   100%        8    #######
 Ignition                 Fire           #.........   100%        8    #######
 Lehudib's Crystal Spear  Conj/Erth      #.........   100%        8    #######
 Dragon's Call            Summ           #.........   100%        9    #######
 Fire Storm               Conj/Fire      #.........   100%        9    #######
 Glaciate                 Conj/Ice       #.........   100%        9    #######
 Shatter                  Erth           #.........   100%        9    #######


Dungeon Overview and Level Annotations

Branches:
Dungeon (15/15)            Temple (0/1) D:7            Lair (6/6) D:10
  Swamp (4/4) Lair:2        Snake (4/4) Lair:2        Slime (5/5) Lair:6
    Orc (2/2) D:10            Elf (3/3) Orc:2        Vaults (5/5) D:14
  Crypt (3/3) Vaults:3       Tomb (3/3) Crypt:3      Depths (5/5) D:15
    Zot (0/5) Depths:5

Altars:
Ashenzari
Cheibriados
Elyvilon
Fedhas
Gozag
Hepliaklqana
Kikubaaqudgha
Makhleb
Nemelex Xobeh
Okawaru
Qazlal
Vehumet
Wu Jian
Xom
Yredelemnul
Beogh
Jiyva
Lugonu

Shops:
D:3 *   Orc:2 =[[}   Elf:1 [=   Elf:2 *:%?[   Elf:3 *   Snake:3 =}}
Vaults:2 =:(   Vaults:4 (=!!

Portals:
Hell: Depths:1 Depths:2 Depths:3 Depths:5
Abyss: Depths:4 Depths:5
Pandemonium: Depths:2 Depths:3 Depths:5
Ziggurat: Depths:3


Innate Abilities, Weirdness & Mutations

You have a pair of large antennae on your head. (SInv)
You are completely covered in icy blue scales. (AC +4, rC+)
Your flesh is cold resistant. (rC+)
A frigid envelope surrounds you and freezes all who hurt you.
You regenerate a lot of health from kills.
You are completely covered in sharp spines.
You are immune to freezing clouds.
You have sharp toenails.
You have supernaturally acute eyesight. (SInv)
You are somewhat resistant to further mutation.


Message History

You are splashed with acid!
The acid burns!
* * * LOW HITPOINT WARNING * * *
The ushabti shakes and rattles.
The vile air hits the ushabti.
The vile air hits you!
You hear a hideous shriek! x2
* * * LOW HITPOINT WARNING * * *
You feel extremely sick.
The mummy priest utters an invocation to its god.
The ushabti shakes and rattles.
The vile air hits you!
The ushabti shakes and rattles deafeningly!
You hear a shout!
Found 8 gold pieces.
You are too berserk!
You feel a strong urge to attack something.
* * * LOW HITPOINT WARNING * * *
You feel extremely sick.
The mummy priest invokes the aid of its god against you.
Something smites you!
You die...

########
#......#
#......#
#......#
#......#
#..$...# .
#§..§..#.$
+§.§...'..
#§@§...#
{#.§....#{{
#§8)M..# {
#88....# {
#..M.z8..#
#M..z...§§.#
#..W.....Lz8.#
#.....M.....z..
#M.....Z.W......


You could see a lich, a mummy priest, a skeletal warrior, a phantasmal warrior,
2 guardian mummies, 5 ushabtiu, 3 flying skulls and a mummy.

Vanquished Creatures
  the Royal Jelly (Slime:5)
  Khufu (Crypt:3)
  Mennas (Vaults:4)
  Mara (Crypt:3)
  3 ancient liches
  Boris (Vaults:5)
  23 greater mummies
  Vashnia (Snake:3)
  Xtahua (Crypt:1)
  2 caustic shrikes
  the Enchantress (Depths:3)
  5 golden dragons
  3 bone dragons
  4 liches
  6 tentacled monstrosities
  An Ice Fiend (IceCv)
  4 titans (Vaults:5)
  The ghost of Potteusyxu the Hoplite, an adept MiBe of Trog (Snake:2)
  5 quicksilver dragons
  The ghost of Titucsi the Tortoise, an adept GrFi of Makhleb (Crypt:1)
  Rupert (Lair:3)
  15 acid blobs
  2 deep elf blademasters (Elf:3)
  2 deep elf master archers (Elf:3)
  10 sphinxes
  9 ancient champions
  A tentacled starspawn (Abyss:2)
  2 storm dragons (Vaults:5)
  Kirke (D:13)
  Agnes (Elf:2)
  7 shadow dragons
  6 azure jellies (Slime:5)
  3 thorn hunters (Swamp:4)
  7 tengu reavers
  Roxanne (Snake:1)
  2 revenants
  9 nagarajas
  13 fire giants
  9 frost giants
  A cacodemon (D:13)
  5 iron dragons (Vaults:5)
  10 deep elf sorcerers
  A draconian knight (Depths:5)
  An orc warlord (D:10)
  A draconian stormcaller (Depths:5)
  17 vault wardens
  The ghost of Tovarisch the Spear-Bearer, a journeyman GnWz of Sif Muna (D:15)
  4 curse skulls
  A balrug (Depths:2)
  8 deep elf elementalists (Elf:3)
  9 ghouls
  6 spriggan defenders
  19 stone giants
  A reaper (Crypt:3)
  15 ironheart preservers
  2 caustic shrike skeletons (Crypt:3)
  19 very ugly things
  2 war gargoyles (Vaults:5)
  7 entropy weavers
  4 bennus (Tomb:1)
  2 black draconians (Depths:5)
  The ghost of Amaopp the Unseen, a journeyman SpEn of Kikubaaqudgha (D:14)
  9 vampire knights
  7 deep elf demonologists
  A starcursed mass (Abyss:2)
  7 spark wasps
  A minotaur (Lab)
  12 deep elf annihilators
  A red draconian (Depths:5)
  3 purple draconians (Depths:5)
  The ghost of Yceypur the Fighter, a journeyman DrBe of Trog (D:13)
  A lorocyproca (Depths:1)
  15 ettins
  9 deep elf death magi
  3 eidola
  17 yaktaur captains
  24 mummy priests
  12 fire dragons
  3 death oozes (Slime:5)
  14 jiangshi
  Erolcha (D:9)
  A crystal guardian (Vaults:4)
  11 great orbs of eyes
  7 deep elf high priests
  7 ogre magi
  18 ice dragons
  36 vault guards
  Harold (Orc:1)
  10 spriggan air magi
  18 naga warriors
  22 hydras
  12 rakshasas
  5 centaur warriors
  A quicksilver dragon skeleton (Crypt:3)
  3 hell beasts
  2 catoblepae (shapeshifter)
  5 shambling mangroves
  9 anacondas
  4 ghost crabs
  5 death knights
  A merfolk avatar (Lair:6)
  23 two-headed ogres
  29 dancing weapons
  11 alligators
  12 vampire magi
  6 deep troll shamans
  9 deep troll earth magi
  3 death yaks (Lair:4)
  12 death scarabs
  Urug (Orc:1)
  5 tengu warriors
  3 orc high priests (Orc:2)
  16 naga sharpshooters
  10 shock serpents
  A thrashing horror (Abyss:2)
  6 spriggan berserkers
  2 titan zombies
  3 sun demons
  25 deep elf knights
  2 storm dragon zombies
  33 skeletal warriors
  6 titan skeletons (Crypt:3)
  A wretched star (Abyss:2)
  3 soul eaters
  6 shadow wraiths
  3 salamander mystics
  An iron troll (Depths:1)
  6 fire crabs (Lair:4)
  A sea snake (Lair:6)
  A spark wasp zombie (Crypt:1)
  3 flayed ghosts
  A storm dragon skeleton (Vaults:3)
  21 deep trolls
  4 unseen horrors
  A hell knight (Vaults:5)
  A swamp dragon (shapeshifter) (Depths:4)
  5 glowing orange brains
  An infernal demonspawn (Depths:5)
  4 wizards
  16 swamp dragons
  7 naga ritualists
  An orange crystal statue (D:12)
  13 deep elf archers
  9 ironbrand convokers
  2 anaconda skeletons
  8 phantasmal warriors
  A golden dragon skeleton (Crypt:1)
  Pikel (D:5)
  A harpy (Lair:6)
  10 mana vipers
  3 necromancers
  2 iron dragon zombies
  3 wolf spiders
  61 deep elf magi
  17 orc knights
  3 tengu skeletons
  4 oklob plants (Lair:6)
  3 shadow dragon skeletons
  2 shining eyes
  15 salamanders
  4 stone giant zombies (WizLab)
  4 manticores
  6 orc sorcerers
  5 cyclopes
  67 ugly things
  An iron dragon skeleton (Depths:1)
  A salamander (shapeshifter) (D:15)
  A sphinx skeleton (Crypt:1)
  14 guardian serpents
  A demonspawn zombie (WizLab)
  2 large abominations (Abyss:2)
  3 frost giant skeletons
  4 fire giant skeletons (Vaults:3)
  28 black mambas
  17 elephants
  4 human skeletons (Vaults:3)
  2 centaur zombies
  2 smoke demons (Abyss:2)
  Joseph (D:7)
  17 spiny frogs
  An apocalypse crab (Lair:4)
  8 vault sentinels
  An eye of devastation (shapeshifter) (Elf:2)
  A rust devil (Tomb:1)
  Psyche (D:10)
  A torpor snail (Lair:6)
  2 molten gargoyles
  2 gargoyles
  4 stone giant skeletons
  5 spectral swamp worms
  A black draconian zombie (Crypt:1)
  22 naga magi
  7 rime drakes
  3 kobold demonologists
  An efreet (D:15)
  A red draconian skeleton (Crypt:3)
  11 freezing wraiths
  A tormentor (Abyss:2)
  An emperor scorpion zombie (Crypt:2)
  7 komodo dragons
  2 yaktaurs (shapeshifter)
  A death yak zombie (Crypt:3)
  51 yaktaurs
  36 guardian mummies
  A spark wasp simulacrum (Depths:1)
  3 tengu conjurers (D:14)
  3 hellwings
  A komodo dragon (shapeshifter) (Vaults:2)
  5 anaconda simulacra
  A grey draconian skeleton (Crypt:3)
  A pale draconian skeleton (Crypt:3)
  A meliai (shapeshifter) (D:15)
  2 red devils
  A jumping spider (shapeshifter) (Depths:4)
  8 ice devils
  3 meliai (D:15)
  30 hornets
  5 tyrant leeches
  8 trolls
  5 polar bears
  An ice dragon zombie (Crypt:2)
  81 slime creatures
  A wolf spider simulacrum (IceCv)
  2 jumping spiders (Vaults:5)
  2 polar bears (shapeshifter)
  4 blink frogs (Lair:5)
  11 bog bodies
  7 dream sheep (Lair:6)
  A wind drake (shapeshifter) (Depths:3)
  2 ettin zombies
  A spriggan zombie (WizLab)
  A deep troll zombie (WizLab)
  A fire giant simulacrum (Vaults:1)
  An alligator skeleton (Crypt:3)
  A guardian serpent skeleton (Crypt:3)
  A hippogriff (shapeshifter) (Elf:2)
  Sigmund (D:5)
  13 hippogriffs
  2 ice dragon skeletons
  5 shadows
  2 fire dragon skeletons (Crypt:3)
  3 redbacks
  2 yaks (shapeshifter)
  3 air elementals (Elf:2)
  29 flying skulls
  8 ushabtiu
  A spriggan (shapeshifter) (Elf:3)
  7 wyverns
  2 dire elephant simulacra (IceCv)
  11 wraiths
  A hog (shapeshifter) (Vaults:3)
  27 yaks
  3 ettin skeletons (Crypt:3)
  19 spriggans
  A water elemental (Elf:1)
  A human (shapeshifter) (Depths:3)
  2 small abominations (Abyss:2)
  A tarantella (shapeshifter) (Depths:3)
  2 ynoxinuls (Abyss:2)
  4 basilisks
  15 neqoxecs
  4 hogs (D:13)
  8 vampire mosquitoes
  8 golden eyes
  4 fire elementals
  5 hungry ghosts
  A steam dragon (D:8)
  A death yak simulacrum (IceCv)
  2 chaos spawn
  A black mamba skeleton (Crypt:3)
  A human simulacrum (Vaults:3)
  13 insubstantial wisps
  3 harpy simulacra (IceCv)
  6 wargs
  56 nagas
  4 acid dragons
  3 iron troll simulacra (IceCv)
  9 swamp worms
  A tengu zombie (WizLab)
  An acid dragon (shapeshifter) (Depths:1)
  14 water moccasins
  A monstrous demonspawn zombie (WizLab)
  A faun skeleton (Crypt:1)
  A hydra simulacrum (IceCv)
  A floating eye (shapeshifter) (D:14)
  A two-headed ogre skeleton (Crypt:1)
  A hell hound (Depths:1)
  41 orc warriors
  13 porcupines
  13 swamp drakes
  A hornet zombie (WizLab)
  2 sky beasts (shapeshifter)
  A swamp dragon zombie (Crypt:3)
  A snapping turtle zombie (Crypt:2)
  7 eyes of draining
  7 sky beasts
  2 black bears (D:10)
  8 necrophages
  6 ice beasts
  An ice beast (shapeshifter) (D:13)
  An ice dragon simulacrum (Crypt:1)
  2 ettin simulacra (IceCv)
  A manticore zombie (Crypt:3)
  8 boggarts
  25 ogres
  3 phantoms
  A snapping turtle skeleton (Crypt:1)
  11 wolves
  17 centaurs
  A lindwurm skeleton (Crypt:2)
  13 crocodiles
  A big kobold (shapeshifter) (D:13)
  2 big kobolds (D:14)
  2 octopode zombies (Crypt:2)
  18 bullfrogs
  2 earth elementals
  A gnoll sergeant (D:9)
  A hippogriff skeleton (Crypt:1)
  4 scorpions
  12 killer bees
  A water moccasin skeleton (D:8)
  2 killer bees (shapeshifter)
  22 wights
  2 troll skeletons
  A yak skeleton (Crypt:3)
  5 howler monkeys
  8 electric eels
  11 crimson imps
  A bullfrog zombie (D:13)
  6 hounds
  16 jellies
  26 orc priests
  A jelly (shapeshifter) (D:13)
  A black bear skeleton (Crypt:3)
  A bullfrog skeleton (D:12)
  2 iron imps
  A basilisk skeleton (Crypt:2)
  7 centaur skeletons
  An iguana (D:8)
  Ijyb (D:3)
  A demonspawn skeleton (Crypt:1)
  12 worker ants
  22 orc wizards
  A troll simulacrum (IceCv)
  A statue (D:8)
  A worker ant (shapeshifter) (D:13)
  A polar bear simulacrum (IceCv)
  A wolf simulacrum (IceCv)
  A spriggan simulacrum (IceCv)
  A dwarf zombie (Crypt:1)
  4 centaur simulacra (IceCv)
  A naga skeleton (Crypt:3)
  A dwarf skeleton (Crypt:2)
  An ogre skeleton (Lab)
  A hound skeleton (D:4)
  30 mummies
  2 worker ant zombies (D:8)
  5 gnolls
  A steam dragon zombie (Crypt:2)
  14 adders
  4 ogre simulacra (IceCv)
  4 shadow imps
  5 white imps (IceCv)
  9 ufetubi
  3 oozes
  An adder zombie (D:6)
  A ball lightning (Tomb:1)
  5 dart slugs
  2 dart slugs (shapeshifter) (D:15)
  3 leopard geckos
  101 orcs
  8 giant cockroaches
  9 goblins
  9 hobgoblins
  6 jackals
  5 quokkas
  3 ball pythons
  14 bats
  A bat (shapeshifter) (D:15)
  A dart slug zombie (Crypt:2)
  2 frilled lizards
  A hobgoblin zombie (Crypt:2)
  A jackal skeleton (D:4)
  A jackal zombie (Crypt:2)
  5 kobolds
  A quokka skeleton (Crypt:2)
  2 rats
  A rat skeleton (Crypt:1)
  2 briar patches (Swamp:4)
  A butterfly (Lair:1)
  7 fungi
  11 plants
  A starspawn tentacle (Abyss:2)
2630 creatures vanquished.

Vanquished Creatures (others)
  A revenant (Tomb:2)
  A fire giant (Depths:5)
  2 bennus (Tomb:2)
  An alligator (Swamp:4)
  16 death scarabs (Tomb:2)
  4 flying skulls (Tomb:2)
  A fire elemental (Elf:3)
  A naga (Snake:4)
  A swamp worm (Swamp:4)
  3 slaves (D:5)
  A wight (D:8)
  A jelly (D:15)
  2 worker ants (D:5)
  2 mummies (Tomb:2)
  A briar patch (Swamp:4)
  2 crawling corpses (Elf:3)
  47 fungi
  52 plants
  2 starspawn tentacles (Abyss:2)
141 creatures vanquished.

Grand Total: 2771 creatures vanquished

Notes
Turn   | Place    | Note
-------+----------+-------------------------------------------
     0 | D:1      | galech the Demonspawn Fighter began the quest for the Orb.
     0 | D:1      | Reached XP level 1. HP: 18/18 MP: 1/1
   241 | D:1      | Gained mutation: You have a pair of small antennae on your
                  | head. [demonic ancestry]
   241 | D:1      | Reached XP level 2. HP: 20/24 MP: 2/2
   262 | D:1      | Reached skill level 2 in Axes
   953 | D:2      | Reached XP level 3. HP: 29/29 MP: 3/3
  1434 | D:3      | Found Gozag's Platinum Reserve.
  1451 | D:3      | Found an opulent altar of Gozag.
  1471 | D:3      | Noticed Ijyb
  1520 | D:3      | Killed Ijyb
  1520 | D:3      | Gained mutation: You are partially covered in icy blue
                  | scales. (AC +2) [demonic ancestry]
  1520 | D:3      | Reached XP level 4. HP: 29/35 MP: 4/4
  1599 | D:3      | Found a stormy altar of Qazlal.
  1621 | D:3      | Found a shattered altar of Ashenzari.
  1757 | D:3      | Found a blossoming altar of Fedhas.
  2186 | D:3      | Reached skill level 3 in Axes
  2367 | D:4      | Reached XP level 5. HP: 37/41 MP: 5/5
  2454 | D:4      | Found a shimmering altar of Xom.
  2455 | D:4      | Found a hazy altar of Hepliaklqana.
  2455 | D:4      | Noticed a hell beast
  2456 | D:4      | Noticed a spectral ugly thing
  2456 | D:4      | Noticed a hell beast
  2528 | D:4      | Found a burning altar of Makhleb.
  2529 | D:4      | Found a basalt altar of Yredelemnul.
  2529 | D:4      | Found an iron altar of Okawaru.
  2545 | D:4      | Reached skill level 1 in Dodging
  2551 | D:4      | Reached XP level 6. HP: 21/47 MP: 3/6
  2565 | D:4      | Became a worshipper of Warmaster Okawaru
  2842 | D:4      | Found a sparkling altar of Nemelex Xobeh.
  2991 | D:5      | Entered Level 5 of the Dungeon
  3005 | D:5      | Reached skill level 4 in Axes
  3043 | D:5      | Found an ornate altar of the Wu Jian Council.
  3053 | D:5      | Noticed Pikel
  3053 | D:5      | Noticed a slave
  3054 | D:5      | Noticed a slave
  3059 | D:5      | Noticed a slave
  3060 | D:5      | Killed Pikel
  3060 | D:5      | Reached * piety under Okawaru
  3060 | D:5      | Reached ** piety under Okawaru
  3060 | D:5      | Reached skill level 5 in Axes
  3060 | D:5      | Gained mutation: You are partially covered in sharp spines.
                  | [demonic ancestry]
  3060 | D:5      | Reached XP level 7. HP: 25/53 MP: 3/7
  3363 | D:5      | Noticed Sigmund
  3380 | D:5      | Killed Sigmund
  3380 | D:5      | Reached XP level 8. HP: 35/60 MP: 5/8
  3797 | D:5      | Reached skill level 6 in Axes
  3995 | D:5      | Reached *** piety under Okawaru
  4128 | D:6      | Reached skill level 1 in Stealth
  4149 | D:6      | Reached skill level 5 in Fighting
  4550 | D:7      | Reached skill level 5 in Armour
  4551 | D:7      | Reached skill level 7 in Axes
  4551 | D:7      | Reached skill level 5 in Shields
  4554 | D:7      | Gained mutation: You are mostly covered in icy blue scales.
                  | (AC +3) [demonic ancestry]
  4554 | D:7      | Reached XP level 9. HP: 18/67 MP: 2/9
  4560 | D:7      | Noticed Joseph
  4902 | D:7      | Killed Joseph
  4902 | D:7      | Reached **** piety under Okawaru
  5230 | D:7      | Found a white marble altar of Elyvilon.
  5269 | D:7      | Found a staircase to the Ecumenical Temple.
  5319 | D:7      | Found an ancient bone altar of Kikubaaqudgha.
  5520 | D:8      | Reached skill level 8 in Axes
  6191 | D:8      | Reached ***** piety under Okawaru
  6191 | D:8      | Gained mutation: You are mostly covered in sharp spines.
                  | [demonic ancestry]
  6191 | D:8      | Reached XP level 10. HP: 71/77 MP: 8/10
  6273 | D:8      | Reached skill level 9 in Axes
  6531 | D:8      | Found a radiant altar of Vehumet.
  7188 | D:9      | Noticed Erolcha
  7210 | D:9      | Killed Erolcha
  7210 | D:9      | Received a gift from Okawaru
  7210 | D:9      | Reached skill level 1 in Invocations
  7594 | D:9      | Reached skill level 10 in Axes
  7625 | D:9      | Gained mutation: You are completely covered in icy blue
                  | scales. (AC +4, rC+) [demonic ancestry]
  7625 | D:9      | Reached XP level 11. HP: 62/83 MP: 10/12
  7863 | D:9      | Noticed a two-headed ogre
  7875 | D:9      | Killed a two-headed ogre
  8113 | D:10     | Entered Level 10 of the Dungeon
  8384 | D:10     | Noticed an orc knight
  8696 | D:10     | Killed an orc knight
  8696 | D:10     | Received a gift from Okawaru
  8703 | D:10     | Noticed Psyche
  8714 | D:10     | Killed Psyche
  8716 | D:10     | Reached skill level 5 in Dodging
  9143 | D:10     | Found a roughly hewn altar of Beogh.
  9145 | D:10     | Found a staircase to the Orcish Mines.
  9185 | D:10     | Found a staircase to the Lair.
  9315 | Orc:1    | Entered Level 1 of the Orcish Mines
  9315 | Orc:1    | Noticed Harold
  9315 | Orc:1    | Noticed an orc warlord
  9320 | D:10     | Reached skill level 11 in Axes
  9396 | D:11     | Killed an unseen horror
 10087 | D:12     | Found a flickering gateway to a bazaar.
 10108 | Bazaar   | Entered a bazaar
 10128 | Bazaar   | Found Piowug's Assorted Antiques.
 10152 | Bazaar   | Found Cack's Book Boutique.
 10196 | Bazaar   | Found Ylonwoag's Assorted Antiques.
 10204 | Bazaar   | Bought a scroll of identify for 46 gold pieces
 10204 | Bazaar   | Bought a scroll of enchant weapon for 172 gold pieces
 10290 | D:12     | Noticed an eight-headed hydra
 10954 | D:10     | Killed an orc warlord
 10954 | D:10     | Received a gift from Okawaru
 10954 | D:10     | Reached XP level 12. HP: 47/94 MP: 4/14
 10957 | D:10     | Got a warped ring mail {god gift}
 10968 | D:10     | Identified the +1 ring mail "Gyoxoked" {rElec} (Okawaru
                  | gifted it to you on level 10 of the Dungeon)
 11168 | Orc:1    | Killed Harold
 11251 | Orc:1    | Noticed Urug
 11268 | Orc:1    | Killed Urug
 12020 | Orc:2    | Entered Level 2 of the Orcish Mines
 12218 | Orc:1    | Reached skill level 12 in Axes
 12810 | Orc:2    | Found a staircase to the Elven Halls.
 13465 | Orc:2    | Noticed an orc high priest
 13496 | Orc:2    | Killed an orc high priest
 14108 | Orc:2    | Noticed an orc high priest
 14109 | Orc:2    | Noticed an orc high priest
 14117 | Orc:2    | Killed an orc high priest
 14120 | Orc:2    | Killed an orc high priest
 14120 | Orc:2    | Gained mutation: You regenerate a little health from kills.
                  | [demonic ancestry]
 14120 | Orc:2    | Reached XP level 13. HP: 94/102 MP: 11/16
 14122 | Orc:2    | Found Laf Odd's Armour Shoppe.
 14122 | Orc:2    | Found Bidaatac's Gadget Boutique.
 14134 | Orc:2    | Found Retoapt's Jewellery Shoppe.
 14134 | Orc:2    | Found Jozonk's Antique Armour Boutique.
 14276 | Orc:2    | Bought the amulet of Waiqiv {Acrobat rC- rN+++ Str+2 Dex+6}
                  | for 881 gold pieces
 14315 | Orc:1    | Reached skill level 13 in Axes
 14461 | Lair:1   | Entered Level 1 of the Lair of Beasts
 14566 | Lair:1   | Received a gift from Okawaru
 14571 | Lair:1   | Got a smoking broad axe {god gift}
 14572 | Lair:1   | Identified the +7 broad axe "Eqashroa" {speed, rC+}
                  | (Okawaru gifted it to you on level 1 of the Lair of Beasts)
 16063 | Lair:2   | Found a staircase to the Snake Pit.
 16087 | Lair:2   | Reached skill level 10 in Fighting
 16376 | Lair:2   | Found a staircase to the Swamp.
 16847 | Lair:3   | Noticed Rupert
 16864 | Lair:3   | Killed Rupert
 17954 | Lair:4   | Reached skill level 14 in Axes
 18089 | Lair:4   | Received a gift from Okawaru
 18754 | Lair:4   | Reached ****** piety under Okawaru
 18773 | Lair:4   | Found a runed door.
 19345 | Lair:4   | Noticed an entropy weaver
 19357 | Lair:4   | Killed an entropy weaver
 19410 | Lair:4   | Reached XP level 14. HP: 69/111 MP: 14/17
 19806 | Lair:4   | Noticed an entropy weaver
 19818 | Lair:4   | Killed an entropy weaver
 20583 | Lair:4   | Noticed an entropy weaver
 20606 | Lair:4   | Killed an entropy weaver
 20739 | Lair:4   | Noticed an entropy weaver
 20757 | Lair:4   | Killed an entropy weaver
 20757 | Lair:4   | Reached skill level 15 in Axes
 21039 | Lair:4   | Noticed an entropy weaver
 21059 | Lair:4   | Killed an entropy weaver
 21059 | Lair:4   | Received a gift from Okawaru
 21074 | Lair:4   | Identified the Reference Book on Stones and Malediction
 21095 | Lair:4   | Got an ebony mace {god gift}
 21096 | Lair:4   | Identified the +8 mace "Ymest" {venom, Str+3} (Okawaru
                  | gifted it to you on level 4 of the Lair of Beasts)
 22547 | Lair:6   | Entered Level 6 of the Lair of Beasts
 22612 | Lair:6   | Found a staircase to the Slime Pits.
 22716 | Lair:6   | Received a gift from Okawaru
 22739 | Lair:6   | Got a twisted broad axe {god gift}
 22761 | Lair:6   | Reached skill level 10 in Armour
 22779 | Lair:6   | Identified the +7 broad axe of Posasayf {freeze, MR+}
                  | (Okawaru gifted it to you on level 6 of the Lair of Beasts)
 22872 | Lair:6   | Reached skill level 5 in Invocations
 23303 | Lair:6   | Reached skill level 16 in Axes
 23371 | Lair:6   | Gained mutation: You regenerate health from kills. [demonic
                  | ancestry]
 23371 | Lair:6   | Reached XP level 15. HP: 118/120 MP: 18/18
 23521 | Lair:6   | Received a gift from Okawaru
 24051 | Lair:3   | You fall through a shaft for 3 floors!
 25198 | D:8      | Upgraded the game from 0.23-a0-451-g1044d4c to
                  | 0.23-a0-470-g6f7cfd9
 25450 | D:13     | Found a labyrinth entrance.
 25460 | Lab      | Entered a labyrinth
 25946 | Lab      | Identified the +1 chain mail of Atheism {rF+++ rCorr MP-9
                  | SInv}
 25966 | Lab      | Got a creamy pearl robe
 25988 | D:13     | Identified the cursed +0 robe of Classification {rF+} (You
                  | found it in a labyrinth)
 26139 | D:13     | Identified the Handbook of Hexes
 26156 | D:13     | Noticed Kirke
 26169 | D:13     | Killed Kirke
 26169 | D:13     | Reached skill level 10 in Shields
 26382 | D:13     | Found a runed gate.
 26382 | D:13     | Found a runed gate.
 26383 | D:13     | Found a runed gate.
 26581 | D:13     | Found a runed gate.
 26581 | D:13     | Found a runed gate.
 26583 | D:13     | Found a runed gate.
 26586 | D:13     | Noticed Yceypur's ghost (journeyman DrBe)
 26661 | D:14     | Found a runed door.
 26832 | D:14     | Reached skill level 17 in Axes
 26920 | D:14     | Received a gift from Okawaru
 26921 | D:14     | Found the +8 mithril axe "Arga" {speed, MR+}
 26953 | D:14     | Paralysed by a floating eye for 3 turns
 27150 | D:14     | Noticed Amaopp's ghost (journeyman SpEn)
 27264 | D:14     | Found a gate to the Vaults.
 27340 | D:14     | Found a white marble altar of Elyvilon.
 27444 | D:14     | Killed Amaopp's ghost
 27476 | D:15     | Entered Level 15 of the Dungeon
 27503 | D:15     | Received a gift from Okawaru
 27506 | D:15     | Reached XP level 16. HP: 109/129 MP: 19/19
 27525 | D:15     | Got a brightly glowing crystal plate armour {god gift}
 27542 | D:15     | Identified the +12 crystal plate armour "Bimnobre" {Str-3
                  | Dex+5 SInv} (Okawaru gifted it to you on level 15 of the
                  | Dungeon)
 27806 | D:15     | Found a staircase to the Depths.
 27972 | D:15     | Reached skill level 18 in Axes
 27985 | D:15     | Found a runed gate.
 27985 | D:15     | Found a runed gate.
 27986 | D:15     | Found a runed gate.
 28032 | D:15     | Found a runed gate.
 28032 | D:15     | Found a runed gate.
 28033 | D:15     | Found a runed gate.
 28043 | D:15     | Noticed Tovarisch's ghost (journeyman GnWz)
 28168 | D:15     | Found a snail-covered altar of Cheibriados.
 28202 | D:15     | Found a hazy altar of Hepliaklqana.
 28555 | Snake:1  | Entered Level 1 of the Snake Pit
 28556 | Snake:1  | Identified 3 scrolls of acquirement
 28786 | Snake:1  | Identified Roxanne's Tome of Earth
 28786 | Snake:1  | Noticed Roxanne
 28810 | Snake:1  | Killed Roxanne
 28810 | Snake:1  | Received a gift from Okawaru
 28811 | Snake:1  | Found the +2 pair of boots of the Assassin {Detection Stab+
                  | Stlth++}
 29084 | Snake:1  | Found a frozen archway.
 29091 | IceCv    | Entered an ice cave
 29388 | IceCv    | Noticed an Ice Fiend
 29429 | IceCv    | Killed an Ice Fiend
 30706 | Snake:2  | Reached XP level 17. HP: 139/139 MP: 21/21
 30787 | Snake:2  | Found a runed gate.
 30788 | Snake:2  | Found a runed gate.
 30789 | Snake:2  | Found a runed gate.
 30789 | Snake:2  | Identified the cursed +3 dagger "Giantbane" {antimagic,
                  | rElec MR+ SInv}
 30789 | Snake:2  | Noticed Potteusyxu's ghost (adept MiBe)
 31027 | Snake:3  | Received a gift from Okawaru
 31147 | Snake:3  | Received a gift from Okawaru
 31196 | Snake:3  | Noticed Vashnia
 31240 | Snake:3  | Killed Vashnia
 31638 | Snake:3  | Reached skill level 19 in Axes
 32051 | Snake:3  | Found Dogg's Jewellery Shoppe.
 32051 | Snake:3  | Found Lustinn's Gadget Shop.
 32052 | Snake:3  | Found Qutogg's Gadget Shop.
 32221 | Snake:4  | Entered Level 4 of the Snake Pit
 32550 | Snake:4  | Reached skill level 15 in Fighting
 32553 | Snake:4  | Received a gift from Okawaru
 32677 | Snake:4  | Gained mutation: You regenerate a lot of health from kills.
                  | [demonic ancestry]
 32677 | Snake:4  | Reached XP level 18. HP: 143/149 MP: 22/22
 32858 | Snake:4  | Got a serpentine rune of Zot
 33503 | Swamp:1  | Entered Level 1 of the Swamp
 33530 | Swamp:1  | Received a gift from Okawaru
 33719 | Swamp:1  | Paralysed by a hornet for 2 turns
 35648 | Swamp:3  | Received a gift from Okawaru
 35837 | Swamp:3  | Reached skill level 20 in Axes
 36411 | Swamp:4  | Entered Level 4 of the Swamp
 36893 | Swamp:4  | Gained mutation: You have a pair of antennae on your head.
                  | [demonic ancestry]
 36893 | Swamp:4  | Reached XP level 19. HP: 150/159 MP: 23/23
 36987 | Swamp:4  | Received a gift from Okawaru
 37001 | Swamp:4  | Got a distressingly furry buckler
 37012 | Swamp:4  | Identified the +1 buckler of Botz {rC- Int+6} (You found it
                  | on level 4 of the Swamp)
 37128 | Swamp:4  | Got a decaying rune of Zot
 37492 | Elf:1    | Entered Level 1 of the Elven Halls
 37522 | Elf:1    | Found a radiant altar of Vehumet.
 37601 | Elf:1    | Found Edidghua's Antique Armour Boutique.
 37610 | Elf:1    | Bought the +10 large shield of Ignorance {rN+ Int-4} for
                  | 2005 gold pieces
 37610 | Elf:1    | Found the +10 large shield of Ignorance {rN+ Int-4}
 37632 | Elf:1    | Found Kazituar's Jewellery Shoppe.
 38566 | Elf:2    | Found Beiroc's Armour Shop.
 38566 | Elf:2    | Noticed Agnes
 38572 | Elf:2    | Killed Agnes
 38572 | Elf:2    | Received a gift from Okawaru
 38578 | Elf:2    | Found Oveups's Magic Scroll Boutique.
 38625 | Elf:2    | Found Saiwawuy's Food Boutique.
 38860 | Elf:2    | Found Eqaa's Book Shop.
 38952 | Elf:1    | Bought a pair of faintly glowing gloves for 332 gold pieces
 38962 | Elf:1    | Identified the +1 pair of gloves "Nueleyrr" {rElec rN+}
                  | (You bought it in a shop on level 1 of the Elven Halls)
 39251 | Elf:2    | Found a runed gate.
 39251 | Elf:2    | Found a runed gate.
 39254 | Elf:2    | Found a runed gate.
 39271 | Elf:2    | Found Uthykegh's General Store.
 39418 | Elf:2    | Received a gift from Okawaru
 39437 | Elf:2    | Identified the +0 scale mail of Fortification {Str+3 Int+5
                  | SInv} (Okawaru gifted it to you on level 2 of the Elven
                  | Halls)
 39835 | Elf:3    | Entered Level 3 of the Elven Halls
 39837 | Elf:3    | Found Ebaikkua's Elven Fire.
 40354 | Elf:3    | Gained mutation: Your flesh is cold resistant. (rC+)
                  | [demonic ancestry]
 40354 | Elf:3    | Reached XP level 20. HP: 107/170 MP: 24/24
 40448 | Elf:3    | Received a gift from Okawaru
 40466 | Elf:3    | Got a scorched hand axe {god gift}
 40476 | Elf:3    | Cast into level 2 of the Abyss (a deep elf sorcerer)
 40484 | Elf:3    | Escaped the Abyss
 41192 | Elf:3    | Received a gift from Okawaru
 41197 | Elf:3    | Identified the +9 hand axe "Seatwe Bini" {flame, +Inv
                  | Dex+5} (Okawaru gifted it to you on level 3 of the Elven
                  | Halls)
 41231 | Elf:3    | Cast into level 2 of the Abyss (a deep elf demonologist)
 41344 | Abyss:2  | Gained mutation: Potions are less effective at restoring
                  | your health. [a neqoxec]
 41446 | Abyss:2  | Reached skill level 21 in Axes
 41455 | Abyss:2  | Gained mutation: Your body sometimes deteriorates upon
                  | taking damage. [a neqoxec]
 41499 | Abyss:2  | Gained mutation: You are weak. (Str -2) [a neqoxec]
 41576 | Abyss:2  | Gained mutation: You are occasionally teleported next to
                  | monsters. [a neqoxec]
 41581 | Abyss:2  | Gained mutation: You occasionally shout uncontrollably at
                  | your foes. [a neqoxec]
 41598 | Abyss:2  | Gained mutation: You tend to lose your temper in combat. [a
                  | neqoxec]
 41615 | Abyss:2  | Noticed a bone dragon
 41647 | Abyss:2  | Killed a bone dragon
 41682 | Elf:3    | Escaped the Abyss
 41697 | Elf:3    | Lost mutation: You are weak. (Str -2) [potion of mutation]
 41697 | Elf:3    | Lost mutation: Potions are less effective at restoring your
                  | health. [potion of mutation]
 41697 | Elf:3    | Lost mutation: Your body sometimes deteriorates upon taking
                  | damage. [potion of mutation]
 41697 | Elf:3    | Lost mutation: You tend to lose your temper in combat.
                  | [potion of mutation]
 41697 | Elf:3    | Gained mutation: You are clumsy. (Dex -2) [potion of
                  | mutation]
 41697 | Elf:3    | Gained mutation: Your flesh is very cold resistant. (rC++)
                  | [potion of mutation]
 41698 | Elf:3    | Lost mutation: You are clumsy. (Dex -2) [potion of
                  | mutation]
 41698 | Elf:3    | Lost mutation: You occasionally shout uncontrollably at
                  | your foes. [potion of mutation]
 41698 | Elf:3    | Gained mutation: Your natural rate of healing is unusually
                  | fast. [potion of mutation]
 41698 | Elf:3    | Gained mutation: You possess an exceptional clarity of
                  | mind. [potion of mutation]
 41698 | Elf:3    | Lost mutation: You possess an exceptional clarity of mind.
                  | [potion of mutation]
 41698 | Elf:3    | Gained mutation: You are robust. (+10% HP) [potion of
                  | mutation]
 41778 | Elf:3    | Reached skill level 15 in Shields
 41809 | Elf:3    | Found the +0 pair of fencer's gloves {+Riposte Dex+3}
 41879 | Elf:3    | Got a steaming marble ring
 41902 | Elf:3    | Got a flickering bone ring
 41931 | Elf:3    | Identified the ring "Paavadua" {Fire rElec rN+ SInv} (You
                  | found it on level 3 of the Elven Halls)
 41932 | Elf:3    | Identified the ring "Yrhiec" {+Inv rPois rC+ MP+9 Dex+4}
                  | (You found it on level 3 of the Elven Halls)
 42030 | Elf:3    | Identified the cursed +3 halberd of Quantum Leap {venom,
                  | *Slow MR+ Stlth+}
 42030 | Elf:3    | Identified the ring "Idihetal" {Fire rN+}
 42541 | Slime:1  | Entered Level 1 of the Pits of Slime
 42607 | Slime:2  | Lost mutation: You are robust. (+10% HP) [a shining eye]
 42608 | Slime:2  | Gained mutation: You are agile. (Dex +2) [a shining eye]
 42611 | Slime:2  | Gained mutation: You are dopey. (Int -2) [a shining eye]
 42647 | Slime:3  | Received a gift from Okawaru
 42920 | Slime:5  | Entered Level 5 of the Pits of Slime
 43033 | Slime:5  | Gained mutation: You have a pair of large antennae on your
                  | head. (SInv) [demonic ancestry]
 43033 | Slime:5  | Reached XP level 21. HP: 176/178 MP: 25/25
 43131 | Slime:5  | Noticed the Royal Jelly
 43132 | Slime:5  | Found a viscous altar of Jiyva.
 43147 | Slime:5  | Killed the Royal Jelly
 43185 | Slime:5  | Found the +8 demon blade "Bloodbane" {slice, *Rage +Rage
                  | Stlth-}
 43272 | Slime:5  | Got a slimy rune of Zot
 43306 | Slime:5  | Got a transparent lapis lazuli ring
 43341 | Slime:5  | Identified the ring "Kianiuti" {rC+++ MR+ Slay+3 Stlth+}
                  | (You found it on level 5 of the Pits of Slime)
 43748 | D:13     | Killed Yceypur's ghost
 43795 | D:13     | Gained mutation: Your body sometimes deteriorates upon
                  | taking damage. [mutagenic glow]
 43912 | D:15     | Killed Tovarisch's ghost
 43914 | D:15     | Gained mutation: Scrolls take you a little longer to read.
                  | [a neqoxec]
 43926 | D:15     | Got a smoking cloak
 43940 | D:15     | Identified the cursed +0 cloak "Igetomp" {MP+9} (You found
                  | it on level 15 of the Dungeon)
 43999 | D:15     | Gained mutation: You occasionally shout uncontrollably at
                  | your foes. [mutagenic glow]
 44568 | Snake:2  | Killed Potteusyxu's ghost
 44587 | Snake:2  | Lost mutation: You occasionally shout uncontrollably at
                  | your foes. [potion of mutation]
 44587 | Snake:2  | Lost mutation: Your natural rate of healing is unusually
                  | fast. [potion of mutation]
 44587 | Snake:2  | Lost mutation: You are agile. (Dex +2) [potion of mutation]
 44587 | Snake:2  | Lost mutation: You are dopey. (Int -2) [potion of mutation]
 44587 | Snake:2  | Gained mutation: Your spells are a little easier to cast,
                  | but a little less powerful. [potion of mutation]
 44587 | Snake:2  | Lost mutation: Scrolls take you a little longer to read.
                  | [potion of mutation]
 44587 | Snake:2  | Gained mutation: You possess an exceptional clarity of
                  | mind. [potion of mutation]
 44588 | Snake:2  | Lost mutation: Your spells are a little easier to cast, but
                  | a little less powerful. [potion of mutation]
 44588 | Snake:2  | Lost mutation: You possess an exceptional clarity of mind.
                  | [potion of mutation]
 44588 | Snake:2  | Gained mutation: You expend magic power (3 MP) to
                  | strengthen your wands. [potion of mutation]
 44588 | Snake:2  | Gained mutation: You have sharp toenails. [potion of
                  | mutation]
 44588 | Snake:2  | Gained mutation: Your mind is acute. (Int +2) [potion of
                  | mutation]
 44588 | Snake:2  | Gained mutation: Your muscles are strong. (Str +2) [potion
                  | of mutation]
 44589 | Snake:2  | Lost mutation: You are occasionally teleported next to
                  | monsters. [potion of mutation]
 44589 | Snake:2  | Lost mutation: You expend magic power (3 MP) to strengthen
                  | your wands. [potion of mutation]
 44589 | Snake:2  | Lost mutation: Your mind is acute. (Int +2) [potion of
                  | mutation]
 44589 | Snake:2  | Gained mutation: Your mind is acute. (Int +2) [potion of
                  | mutation]
 44589 | Snake:2  | Gained mutation: You are resistant to hostile enchantments.
                  | (MR+) [potion of mutation]
 44589 | Snake:2  | Gained mutation: You possess an exceptional clarity of
                  | mind. [potion of mutation]
 44590 | Snake:2  | Lost mutation: Your muscles are strong. (Str +2) [potion of
                  | mutation]
 44590 | Snake:2  | Gained mutation: Your magical capacity is low. (-10% MP)
                  | [potion of mutation]
 44590 | Snake:2  | Gained mutation: Your muscles are strong. (Str +2) [potion
                  | of mutation]
 44591 | Snake:2  | Lost mutation: You possess an exceptional clarity of mind.
                  | [potion of mutation]
 44591 | Snake:2  | Lost mutation: Your mind is acute. (Int +2) [potion of
                  | mutation]
 44591 | Snake:2  | Gained mutation: You are occasionally teleported next to
                  | monsters. [potion of mutation]
 44591 | Snake:2  | Gained mutation: You are somewhat resistant to further
                  | mutation. [potion of mutation]
 44592 | Snake:2  | Lost mutation: Your magical capacity is low. (-10% MP)
                  | [potion of mutation]
 44592 | Snake:2  | Lost mutation: Your muscles are strong. (Str +2) [potion of
                  | mutation]
 44592 | Snake:2  | Lost mutation: You are occasionally teleported next to
                  | monsters. [potion of mutation]
 44592 | Snake:2  | Gained mutation: You occasionally shout uncontrollably at
                  | your foes. [potion of mutation]
 44592 | Snake:2  | Gained mutation: You have supernaturally acute eyesight.
                  | (SInv) [potion of mutation]
 44593 | Snake:2  | Lost mutation: You occasionally shout uncontrollably at
                  | your foes. [potion of mutation]
 44593 | Snake:2  | Lost mutation: You are resistant to hostile enchantments.
                  | (MR+) [potion of mutation]
 44593 | Snake:2  | Lost mutation: Your body sometimes deteriorates upon taking
                  | damage. [potion of mutation]
 44593 | Snake:2  | Lost mutation: Your flesh is very cold resistant. (rC++)
                  | [potion of mutation]
 44809 | Vaults:1 | Entered Level 1 of the Vaults
 45314 | Vaults:1 | Received a gift from Okawaru
 45332 | Vaults:1 | Got a crystal broad axe {god gift}
 45338 | Vaults:1 | Identified the +9 broad axe of Gallantry {chop, rC+ MR+
                  | Int+4} (Okawaru gifted it to you on level 1 of the Vaults)
 46259 | Vaults:2 | Found Fezosoiturgh's Jewellery Emporium.
 46259 | Vaults:2 | Found Kamasyno's Book Emporium.
 46291 | Vaults:2 | Received a gift from Okawaru
 46558 | Vaults:2 | Found Veafaek's Weapon Emporium.
 46591 | Vaults:2 | Reached skill level 22 in Axes
 46986 | Vaults:2 | Gained mutation: You are immune to freezing clouds.
                  | [demonic ancestry]
 46986 | Vaults:2 | Reached XP level 22. HP: 189/189 MP: 27/27
 48444 | Vaults:3 | Received a gift from Okawaru
 48482 | Vaults:3 | Got an ancient cloak {god gift}
 48493 | Vaults:3 | Identified the +2 cloak "Muddec" {rC+ Str+2 Stlth+}
                  | (Okawaru gifted it to you on level 3 of the Vaults)
 48509 | Vaults:3 | Found a staircase to the Crypt.
 48822 | Vaults:4 | Noticed Mennas
 48867 | Vaults:4 | Killed Mennas
 49043 | Vaults:4 | Found Acuulud's Distillery.
 49243 | Vaults:4 | Found Baylauwa's Jewellery Shop.
 49503 | Vaults:4 | Found Pacokub's Weapon Boutique.
 49664 | Vaults:4 | Found Ineb's Distillery.
 49689 | Vaults:5 | Entered Level 5 of the Vaults
 49755 | Vaults:5 | Received a gift from Okawaru
 49768 | Vaults:5 | Got a polished shield {god gift}
 49842 | Vaults:5 | Noticed a golden dragon
 49859 | Vaults:5 | Reached XP level 23. HP: 140/198 MP: 28/28
 50326 | Vaults:5 | Identified the +11 mace of Dissolution {drain, rF+ Str+5}
 50371 | Vaults:5 | Reached skill level 23 in Axes
 50387 | Vaults:5 | Identified the Reference Book on Evil Venom
 50575 | Vaults:5 | Received a gift from Okawaru
 50592 | Vaults:5 | Got a jewelled broad axe {god gift}
 50593 | Vaults:5 | Identified the +0 broad axe of Tenacity {flame, rPois rF+
                  | rC+ SInv} (Okawaru gifted it to you on level 5 of the
                  | Vaults)
 50682 | Vaults:5 | Noticed an ancient lich
 50698 | Vaults:5 | Killed an ancient lich
 50754 | Vaults:5 | Found the +3 salamander hide armour {+Rage rF++}
 50854 | Vaults:5 | Received a gift from Okawaru
 50883 | Vaults:5 | Noticed Boris
 50919 | Vaults:5 | Killed Boris
 51062 | Vaults:5 | Identified the +4 shield of Oxzug {rElec rN+ Int-5 Stlth+}
                  | (Okawaru gifted it to you on level 5 of the Vaults)
 51092 | Vaults:5 | Received a gift from Okawaru
 51141 | Vaults:5 | Identified the Reference Book on Icy Toxins
 51176 | Vaults:5 | Gained mutation: You are completely covered in sharp
                  | spines. [demonic ancestry]
 51176 | Vaults:5 | Reached XP level 24. HP: 202/208 MP: 28/28
 51301 | Vaults:5 | Got a silver rune of Zot
 51540 | Vaults:5 | Identified the +7 morningstar of Reapportionment {pain,
                  | Fragile rN+ MR++}
 51540 | Vaults:5 | Identified the ring "Diagruah" {rCorr *Corrode +Inv Int+6}
 51756 | Depths:1 | Entered Level 1 of the Depths
 52061 | Depths:1 | Found a gateway to Hell.
 52958 | Depths:2 | Received a gift from Okawaru
 53113 | Depths:2 | Found a one-way gate leading to the halls of Pandemonium.
 53126 | Depths:2 | Reached skill level 5 in Stealth
 53985 | Depths:3 | Identified the +2 faerie dragon scales {rCorr Str+4}
 53985 | Depths:3 | Noticed the Enchantress
 53986 | Depths:3 | Received a gift from Okawaru
 54006 | Depths:3 | Killed the Enchantress
 54017 | Depths:3 | Identified the +5 chain mail of the Snake Pit {rF+ rCorr}
 54113 | Depths:3 | Reached XP level 25. HP: 219/219 MP: 28/28
 54166 | Depths:3 | Reached skill level 24 in Axes
 54207 | Depths:3 | Found a gateway to a ziggurat.
 54330 | Depths:3 | Found a magical portal.
 54466 | Depths:3 | Received a gift from Okawaru
 54500 | Depths:3 | Got transparent ice dragon scales {god gift}
 54511 | Depths:3 | Identified the +2 ice dragon scales "Peenwoll" {rElec rF-
                  | rC++ Str+7 Int-3} (Okawaru gifted it to you on level 3 of
                  | the Depths)
 54576 | Depths:3 | Found a shattered altar of Ashenzari.
 54723 | Depths:3 | Identified the +1 leather armour of Rixixtes {Stlth+}
 55542 | Depths:4 | Found a one-way gate to the infinite horrors of the Abyss.
 55712 | Depths:5 | Entered Level 5 of the Depths
 56001 | Depths:5 | Found a magical portal.
 56006 | WizLab   | Entered Doroklohe's Tomb
 56205 | WizLab   | Noticed a greater mummy
 56215 | WizLab   | Identified the cursed +1 scale mail of Shadows and Fog
                  | {-Tele Str+2 Int+3 Stlth+}
 56216 | WizLab   | Identified the cursed +0 leather armour of Resilience {MP+9
                  | Slay+3 Stlth+}
 56231 | WizLab   | Killed a greater mummy
 56496 | Depths:5 | Received a gift from Okawaru
 56924 | Depths:5 | Found a corrupted altar of Lugonu.
 57061 | Depths:5 | Reached XP level 26. HP: 224/224 MP: 28/28
 57150 | Depths:5 | Found a gate to the Realm of Zot.
 58109 | Crypt:1  | Entered Level 1 of the Crypt
 58602 | Crypt:1  | Found a runed door.
 58606 | Crypt:1  | Noticed Titucsi's ghost (adept GrFi)
 58613 | Crypt:1  | Killed Titucsi's ghost
 58713 | Crypt:1  | Noticed Xtahua
 58723 | Crypt:1  | Killed Xtahua
 59777 | Crypt:3  | Entered Level 3 of the Crypt
 59781 | Crypt:3  | Received a gift from Okawaru
 59973 | Crypt:3  | Noticed Mara
 59993 | Crypt:3  | Killed Mara
 60174 | Crypt:3  | Found a staircase to the Tomb.
 60218 | Crypt:3  | Got a twitching bronze ring
 60218 | Crypt:3  | Got a wavering tin ring
 60218 | Crypt:3  | Got a smoking lapis lazuli ring
 60220 | Crypt:3  | Identified the ring "Becorol" {+Blink rF+++ rC- rN+ Dex-3}
                  | (You found it on level 3 of the Crypt)
 60221 | Crypt:3  | Identified the ring "Naduecha" {rElec rF+ rN+} (You found
                  | it on level 3 of the Crypt)
 60222 | Crypt:3  | Identified the ring "Tipeic" {rN+ Str+4} (You found it on
                  | level 3 of the Crypt)
 60256 | Crypt:3  | Noticed Khufu
 60257 | Crypt:3  | Noticed a greater mummy
 60280 | Crypt:3  | Killed Khufu
 60280 | Crypt:3  | Received a gift from Okawaru
 60281 | Crypt:3  | Found the +3 pair of gauntlets of War {Slay+5}
 60294 | Crypt:3  | Killed a greater mummy
 60360 | Crypt:3  | Noticed an ancient lich
 60372 | Crypt:3  | Killed an ancient lich
 60372 | Crypt:3  | Reached skill level 25 in Axes
 61195 | Tomb:1   | Entered Level 1 of the Tomb of the Ancients
 61328 | Tomb:1   | Gained mutation: A frigid envelope surrounds you and
                  | freezes all who hurt you. [demonic ancestry]
 61328 | Tomb:1   | Reached XP level 27. HP: 221/232 MP: 28/28
 61651 | Tomb:1   | Noticed an ancient lich
 61667 | Tomb:1   | Killed an ancient lich
 61952 | Tomb:1   | Received a gift from Okawaru
 61974 | Tomb:2   | Noticed a greater mummy
 61981 | Tomb:2   | Noticed a greater mummy
 61987 | Tomb:2   | Noticed a greater mummy
 61996 | Tomb:2   | Killed a greater mummy
 61997 | Tomb:2   | Noticed a greater mummy
 62010 | Tomb:2   | Killed a greater mummy
 62015 | Tomb:2   | Killed a greater mummy
 62018 | Tomb:2   | Killed a greater mummy
 62041 | Tomb:2   | Noticed a greater mummy
 62101 | Tomb:2   | Killed a greater mummy
 62681 | Tomb:1   | Noticed a greater mummy
 62681 | Tomb:1   | Noticed a greater mummy
 62681 | Tomb:1   | Noticed a greater mummy
 62682 | Tomb:1   | Noticed a greater mummy
 62682 | Tomb:1   | Noticed a greater mummy
 62691 | Tomb:1   | Killed a greater mummy
 62700 | Tomb:1   | Killed a greater mummy
 62700 | Tomb:1   | Received a gift from Okawaru
 62713 | Tomb:1   | Killed a greater mummy
 62727 | Tomb:1   | Killed a greater mummy
 62734 | Tomb:1   | Killed a greater mummy
 63002 | Tomb:1   | Noticed a greater mummy
 63006 | Tomb:1   | Noticed a greater mummy
 63022 | Tomb:1   | Killed a greater mummy
 63024 | Tomb:1   | Noticed a greater mummy
 63032 | Tomb:1   | Killed a greater mummy
 63047 | Tomb:1   | Killed a greater mummy
 63503 | Tomb:1   | Noticed a greater mummy
 63503 | Tomb:1   | Noticed a greater mummy
 63519 | Tomb:1   | Killed a greater mummy
 63520 | Tomb:1   | Killed a greater mummy
 63737 | Tomb:1   | Noticed a greater mummy
 63748 | Tomb:1   | Killed a greater mummy
 64018 | Tomb:1   | Identified the +4 buckler "Fiepsag" {+Blink Str+5}
 64018 | Tomb:1   | Noticed a greater mummy
 64024 | Tomb:1   | Noticed a greater mummy
 64035 | Tomb:1   | Killed a greater mummy
 64045 | Tomb:1   | Killed a greater mummy
 64045 | Tomb:1   | Received a gift from Okawaru
 64316 | Tomb:1   | Noticed a greater mummy
 64333 | Tomb:1   | Killed a greater mummy
 64366 | Tomb:1   | Noticed a greater mummy
 64374 | Tomb:1   | Noticed a greater mummy
 64389 | Tomb:1   | Killed a greater mummy
 64420 | Tomb:1   | Killed a greater mummy
 64892 | Tomb:3   | Entered Level 3 of the Tomb of the Ancients
 64912 | Tomb:3   | Reached skill level 26 in Axes
 64921 | Tomb:3   | HP: 13/340 [poisoned by an ushabti (dark miasma)]
 64921 | Tomb:3   | Killed from afar by a mummy priest

Vault maps used:
D:1:      dpeg_arrival_castle, minmay_tetromino_o2
D:3:      minmay_wonky_spiral, nicolae_gozag_zags_fifth_avenue,
          nicolae_overflow_crystal_walls, overflow_temple_1_default,
          minivault_24, hex_medium, fedhas_altar_1, uniq_ijyb
D:4:      regret_index_temple_of_mockery, nemelex_xobeh_ov_fountains_minmay,
          chequers_temple_overflow_statue_of_worship, first_ration
D:5:      nicolae_overflow_hidden_temple, uniq_pikel, uniq_sigmund
D:7:      overflow_temple_1_default, lemuel_round_altar,
          minmay_temple_entry_tees, uniq_joseph
D:8:      nicolae_whirlpool, vehumet_statue, serial_undead, serial_undead_c,
          serial_undead_a, serial_undead_d, serial_undead_c, serial_undead_b,
          serial_undead_e, hangedman_misty_isle
D:9:      uniq_erolcha
D:10:     due_lair_maze_entry_diamond, david_orc_5, the_bakery,
          minmay_misc_feat_more_columns, uniq_psyche
D:12:     serial_shops, bzr_entry_customers, minivault_16,
          hangedman_decor_lopped, minmay_misc_feat_x
D:13:     lab_entry_generic, ploomutoo_gammafunk_ghost_potion_laboratory,
          uniq_kirke
D:14:     erik_vaults_1, hellmonk_ghost_happy_afterlife, elyvilon_altar_3
D:15:     gammafunk_enter_depths_forms, cheibriados_altar_1,
          ploomutoo_gammafunk_ghost_potion_laboratory, basic_altar
Lair:1:   minivault_23, serial_bayou_shore_a, grunt_megastairs_5,
          serial_bayou_shore_b, serial_bayou_shore_b,
          infiniplex_staircase_pool_2, lemuel_fruit_fields
Lair:2:   nicolae_swamp_entry_splash_gauntlet, minmay_snake_entry_six_corridors,
          disabler_island
Lair:3:   serial_bayou_shore_b, lemuel_fruit_tree, uniq_rupert
Lair:4:   gammafunk_mikee_crab_dinner
Lair:5:   serial_bayou_shore_b
Lair:6:   gammafunk_lair_ancient_temple, minmay_slime_entry_jelly_boxes,
          minmay_lair_oklob_chamber
Swamp:1:  evilmike_swamp_ruin_house_3
Swamp:2:  hangedman_swamp_blocks
Swamp:3:  serial_swamp_ruin, evilmike_swamp_ruin_house_2,
          evilmike_swamp_ruin_house_1, swamp_pool4, infiniplex_staircase_pool
Swamp:4:  swamp_basic_johnstein, swamp_pool3
Snake:1:  portal_ice_cave_entry_pillars_2, grunt_megastairs_1, uniq_roxanne
Snake:2:  gammafunk_ghost_split, serial_bayou_lagoon_a
Snake:3:  minmay_shop_grove, serial_bayou_shore_b, uniq_vashnia
Snake:4:  johnstein_snake_rune_scales
Slime:1:  nicolae_slime_barrier
Slime:4:  cheibrodos_slime_lost_civilization_4
Orc:1:    guppyfry_library_mini, uniq_harold, uniq_urug
Orc:2:    grunt_orc_tribal_feast, nicolae_orc_tapped_out
Elf:1:    eino_elf_arrival_altar, serial_shops, shop_fountains, shop,
          kennysheep_underground_church, grunt_ministairs_10,
          nicolae_elf_w_pinch
Elf:2:    serial_shops, nicolae_shop_stone,
          nicolae_shop_temple_entry_statues_fountains, nicolae_shop_waterfront,
          shop, nicolae_shop_behind_doors, serial_sigils_hangedman_clutch,
          grunt_ministairs_7, uniq_agnes
Elf:3:    minmay_elf_hall_four_x, dk_noncrumbling_3, minivault_26,
          guppyfry_elf_lava
Vaults:1: ontoclasm_vaults_ring_large, ontoclasm_vaults_hangar,
          ontoclasm_vaults_bender, nicolae_vaults_theta, v_misc_33,
          ontoclasm_vaults_spin, nicolae_vaults_little_squares_3,
          grunt_vaults_hallway_long
Vaults:2: hangedman_vaults_capsules, v_misc_13, grunt_vaults_hallway_long,
          vaults_room_fancy_cross, nicolae_vaults_specimen_jars, v_misc_8,
          vaults_standard_mumra_x, nicolae_vaults_branching_niches,
          hangedman_vaults_impose, vaults_dpeg_hooks, hangedman_vaults_slice,
          nicolae_vaults_little_squares_6, nicolae_vaults_network_s,
          serial_shops, shop, nicolae_shop_waterfront, shop
Vaults:3: vaults_mumra_lcd, minmay_crypt_entry_skeletal_spiral,
          vaults_room_corners, hangedman_vaults_nodes,
          nicolae_vaults_little_squares_4, vaults_mumra_hexcomb, v_misc_10,
          v_misc_33, nicolae_vaults_hallways_thing, vaults_mumra_chevron,
          ontoclasm_vaults_tryst
Vaults:4: vaults_room_fours, v_misc_13, ontoclasm_vaults_ligature,
          ontoclasm_vaults_eye, v_misc_10, nicolae_vaults_diagonal_hallway_7,
          v_rooms_4, grunt_vaults_bifocal, nicolae_vaults_little_squares_5,
          hangedman_vaults_trim, serial_shops, nicolae_shop_statue_plus, shop,
          nicolae_shop_crystal, shop, uniq_mennas
Vaults:5: serial_shops, uniq_boris
Crypt:1:  gammafunk_ghost_grave, uniq_xtahua
Crypt:2:  grunt_ministairs_8
Crypt:3:  due_elkab, uniq_mara, uniq_khufu
Depths:1: grunt_mini_vestibule, minmay_misc_feat_iff,
          nrook_kobold_shadow_demons, roderic_lattice_octagonal_star
Depths:2: minmay_nine_rooms, hangedman_decor_growths, pan_entry, hellmouth_1,
          roderic_lattice_a, minmay_staircase_windowed_large
Depths:3: minmay_the_grid_octo_tiled_octocenter, enter_ziggurat_a,
          ashenzari_altar_1, pf_hell_entry_tar_river,
          lightli_enter_wizlab_magi_temple, rand_demon_pan_entry_9,
          uniq_enchantress
Depths:4: minmay_two_paths, abyss_entry, hell_entry, minivault_11,
          grunt_megastairs_3, infiniplex_staircase_river
Depths:5: grunt_zot_entry_hairpin, nrook_campfire, grunt_pan_entry_sceptre,
          abyss_entry_flame_altar, mu_enter_wizlab_6, hangedman_geh_valley
Abyss:2:  evilmike_abyss_exit_6
Lab:      labyrinth_watery, nicolae_lab_hexagon, nicolae_lab_plus,
          nicolae_lab_very_dead_end, lab_statue, nicolae_lab_diamond,
          nicolae_lab_starburst, nicolae_lab_garden, nicolae_lab_quarters
Bazaar:   bazaar_kenran_forest_clearing
IceCv:    ice_cave_caverns_03
WizLab:   wizlab_doroklohe

Skill      XL: |  1  2  3  4  5  6  7  8  9 10 11 12 13 14 15 16 17 18 19 20 21 22 23 24 25 26 27 |
---------------+----------------------------------------------------------------------------------+-----
Axes           | 2 3 5 7 8 10 11 12 14 16 17 18 19 20 21 22 23 24 25 26 | 26.0
Armour         | 3 4 5 6 7 8 9 10 11 12 13 | 13.7
Shields        | 3 4 5 6 7 8 9 10 12 13 14 15 16 17 18 19 20 21 | 21.8
Dodging        | 1 2 3 4 5 6 7 8 9 |  9.5
Fighting       | 4 5 6 7 8 9 10 11 12 14 15 16 17 18 19 20 21 22 23 25 | 25.0
Stealth        | 1 2 3 5 7 9 |  9.2
Invocations    | 2 4 5 6 7 8 |  8.6
Unarmed Combat | |  0.2

Action                   |  1- 3 |  4- 6 |  7- 9 | 10-12 | 13-15 | 16-18 | 19-21 | 22-24 | 25-27 || total
-------------------------+-------+-------+-------+-------+-------+-------+-------+-------+-------++-------
Melee: War axe           |   121 |   143 |   193 |   694 |    14 |       |       |       |       ||  1165
       Unarmed           |    16 |       |       |       |       |       |       |       |       ||    16
       Broad axe         |       |       |       |       |  1191 |  1797 |  1714 |  1671 |  1890 ||  8263
Invok: Heroism           |       |       |     3 |    15 |    16 |    12 |     7 |     1 |    11 ||    65
       Finesse           |       |       |       |     4 |     4 |     3 |     3 |     1 |     8 ||    23
  Use: Scroll            |     4 |       |     6 |    13 |    14 |     7 |    17 |     4 |    10 ||    75
       Potion            |       |     1 |     1 |     2 |       |       |    11 |       |    15 ||    30
 Stab: Distracted        |       |       |     1 |       |     1 |       |     4 |     7 |     8 ||    21
       Sleeping          |       |       |       |       |       |       |     2 |    14 |    50 ||    66
  Eat: Chunk             |     2 |     5 |     8 |    29 |    34 |    15 |    20 |    23 |     9 ||   145
       Ration            |       |       |     1 |       |     3 |     5 |     4 |       |     9 ||    22
Armor: Scale mail        |    75 |    78 |    71 |   143 |       |       |       |       |       ||   367
       Ring mail         |     4 |       |       |       |       |       |       |       |       ||     4
       Plate armour      |       |       |       |    65 |   463 |    39 |       |       |       ||   567
       Crystal plate arm |       |       |       |       |       |   752 |   308 |   173 |   137 ||  1370
       Chain mail        |       |       |       |       |       |       |    47 |       |       ||    47
       Leather armour    |       |       |       |       |       |       |       |    44 |    63 ||   107
Dodge: Dodged            |    50 |    45 |    87 |   262 |   454 |   443 |   213 |   149 |   282 ||  1985
       Deflected         |       |       |       |       |       |       |     9 |     4 |       ||    13
Block: Shield            |    66 |    70 |   143 |   190 |       |   873 |    98 |       |       ||  1440
       Buckler           |       |       |       |   119 |   357 |    58 |    28 |       |       ||   562
       Large shield      |       |       |       |       |       |       |  1030 |  1212 |  1526 ||  3768
       Rpst.: Broad axe  |       |       |       |       |       |       |     6 |    15 |    34 ||    55

Table legend:
 A = Non-vault XP
 B = Vault XP
 C = Vault XP percentage of total XP
 D = Non-vault monster count
 E = Vault monster count
 F = Vault count percentage of total count
                 A         B        C        D         E       F
            +---------+---------+-------+---------+---------+-------
      Total |  740056 |  967845 |  56.7 |    1551 |    1052 |  40.4
            +---------+---------+-------+---------+---------+-------
        D:1 |      34 |       2 |   5.6 |      16 |       2 |  11.1
        D:2 |      30 |       0 |   0.0 |      13 |       0 |   0.0
        D:3 |      73 |      42 |  36.5 |      28 |       4 |  12.5
        D:4 |     215 |       0 |   0.0 |      13 |       0 |   0.0
        D:5 |     618 |     855 |  58.0 |      14 |       2 |  12.5
        D:6 |     323 |       0 |   0.0 |       9 |       0 |   0.0
        D:7 |    1173 |     434 |  27.0 |      16 |       1 |   5.9
        D:8 |    1901 |    1807 |  48.7 |      25 |      17 |  40.5
        D:9 |    3575 |    1039 |  22.5 |      27 |       1 |   3.6
       D:10 |    3388 |    2945 |  46.5 |      16 |      35 |  68.6
       D:11 |    4139 |       0 |   0.0 |      28 |       0 |   0.0
       D:12 |    5673 |     688 |  10.8 |      34 |       3 |   8.1
       D:13 |    6066 |   12082 |  66.6 |      30 |      22 |  42.3
       D:14 |   19439 |    3126 |  13.9 |      65 |       3 |   4.4
       D:15 |   26563 |   12904 |  32.7 |      57 |      29 |  33.7
     Lair:1 |    4602 |     362 |   7.3 |      24 |       2 |   7.7
     Lair:2 |    1463 |    3406 |  70.0 |       6 |      23 |  79.3
     Lair:3 |    1267 |    2740 |  68.4 |       3 |       1 |  25.0
     Lair:4 |    8740 |   14225 |  61.9 |      28 |      15 |  34.9
     Lair:5 |    7290 |       0 |   0.0 |      18 |       0 |   0.0
     Lair:6 |    9220 |   14293 |  60.8 |      34 |      49 |  59.0
    Swamp:1 |   12810 |       0 |   0.0 |      28 |       0 |   0.0
    Swamp:2 |   18918 |       0 |   0.0 |      50 |       0 |   0.0
    Swamp:3 |   16931 |       0 |   0.0 |      37 |       0 |   0.0
    Swamp:4 |    8543 |   20346 |  70.4 |      19 |      27 |  58.7
    Snake:1 |    6820 |    3078 |  31.1 |      12 |       3 |  20.0
    Snake:2 |   16513 |    8975 |  35.2 |      31 |       9 |  22.5
    Snake:3 |   26939 |    8199 |  23.3 |      49 |       5 |   9.3
    Snake:4 |   23318 |   34358 |  59.6 |      46 |      58 |  55.8
    Slime:1 |    3455 |       0 |   0.0 |       5 |       0 |   0.0
    Slime:2 |    3405 |       0 |   0.0 |       9 |       0 |   0.0
    Slime:3 |    8426 |       0 |   0.0 |      11 |       0 |   0.0
    Slime:4 |    5217 |       0 |   0.0 |       4 |       0 |   0.0
    Slime:5 |   13841 |   34326 |  71.3 |      29 |      15 |  34.1
      Orc:1 |    3618 |    2825 |  43.8 |      32 |      13 |  28.9
      Orc:2 |    2501 |    6818 |  73.2 |      23 |      28 |  54.9
      Elf:1 |   10312 |    9371 |  47.6 |      17 |      15 |  46.9
      Elf:2 |   20233 |   26446 |  56.7 |      33 |      33 |  50.0
      Elf:3 |   15094 |   60870 |  80.1 |      27 |      43 |  61.4
   Vaults:1 |   40349 |    7583 |  15.8 |      63 |      15 |  19.2
   Vaults:2 |   13222 |   19147 |  59.2 |      25 |      33 |  56.9
   Vaults:3 |   12458 |   16688 |  57.3 |      27 |      28 |  50.9
   Vaults:4 |   15013 |   25090 |  62.6 |      16 |      35 |  68.6
   Vaults:5 |   27497 |  192224 |  87.5 |      28 |     118 |  80.8
    Crypt:1 |   34775 |    6606 |  16.0 |      49 |       2 |   3.9
    Crypt:2 |   29099 |    3582 |  11.0 |      45 |       2 |   4.3
    Crypt:3 |   20361 |   70543 |  77.6 |      26 |      63 |  70.8
     Tomb:1 |   12470 |  138669 |  91.7 |      35 |      53 |  60.2
     Tomb:2 |    6896 |   51450 |  88.2 |      24 |      41 |  63.1
     Tomb:3 |     205 |    5550 |  96.4 |       1 |      14 |  93.3
   Depths:1 |   33312 |    4623 |  12.2 |      47 |      10 |  17.5
   Depths:2 |   30466 |   28490 |  48.3 |      35 |      21 |  37.5
   Depths:3 |   60484 |   50842 |  45.7 |      63 |      42 |  40.0
   Depths:4 |   28819 |    3229 |  10.1 |      29 |       5 |  14.7
   Depths:5 |   35455 |   29077 |  45.1 |      42 |      31 |  42.5
    Abyss:2 |   16489 |    1850 |  10.1 |      30 |       3 |   9.1
        Lab |       0 |    2314 | 100.0 |       0 |       9 | 100.0
      IceCv |       0 |   10284 | 100.0 |       0 |      51 | 100.0
     WizLab |       0 |   13442 | 100.0 |       0 |      18 | 100.0
            +---------+---------+-------+---------+---------+-------
